 Dungeon Crawl Stone Soup version 0.28-a0-511-gcc94558de3 (webtiles) character file.

Game seed: 225049425856317003

19 siradein the Slasher (level 2, -3/16 (23) HPs)
             Began as a Demonspawn Gladiator on Sept 22, 2021.
             Slain by Terence (5 damage)
             ... on level 2 of the Dungeon.
             The game lasted 00:02:18 (1072 turns).

siradein the Slasher (Demonspawn Gladiator)         Turns: 1072, Time: 00:02:20

HP:   -3/16 (23)    AC: 11    Str: 14    XL:     2   Next: 55%
MP:   2/2           EV:  6    Int:  9    God:
Gold: 103           SH:  0    Dex: 14    Spells: 1/1 levels left

rFire   . . .      SeeInvis .   a - +0 long sword
rCold   . . .      Faith    .   (no shield)
rNeg    . . .      Spirit   .   g - +0 chain mail
rPois   .          Reflect  .   c - +0 helmet
rElec   .          Harm     .   (no cloak)
rCorr   .          Rampage  .   (no gloves)
Will    .....                   (no boots)
Stlth   ..........              (no amulet)
HPRegen 0.05/turn               (no ring)
MPRegen 0.08/turn               (no ring)

@: very heavily drained
A: thin metallic scales 1
a: no special abilities


You were on level 2 of the Dungeon.
You visited 1 branch of the dungeon, and saw 2 of its levels.

You collected 103 gold pieces.

Inventory:

Hand Weapons
 a - a +0 long sword (weapon)
Missiles
 e - 16 stones (quivered)
Armour
 c - a +0 helmet (worn)
 g - a +0 chain mail (worn)
Potions
 f - a potion of heal wounds {unknown}


   Skills:
 + Level 2.3 Fighting
 + Level 2.9 Long Blades
 + Level 2.1 Throwing
 + Level 2.9 Dodging


You had one spell level left.
You didn't know any spells.
Your spell library contained the following spells:

 Spells                   Type           Power      Damage    Failure   Level
 Summon Forest            Summ/Tloc      0%         N/A       100%        5
 Eringya's Noxious Bog    Tmut/Pois      0%         N/A       100%        6
 Summon Hydra             Summ           0%         N/A       100%        7


Dungeon Overview and Level Annotations

Branches:
Dungeon (2/15)

Altars:

Shops:
D:2 =

Annotations:
D:2 Terence


Innate Abilities, Weirdness & Mutations

You are partially covered in thin metallic scales. (AC +2)


Message History

Terence hits you with a +3 flail of draining.
You feel drained.
Throw: throwing net
Press: ? - help, Q - select action, (/) - cycle Shift-Dir - straight line, f/p - Terence
Aim: Terence, wielding a +3 flail of draining and wearing a +0 scale mail (64% to hit)
You throw a throwing net. The throwing net hits Terence.
Terence is caught in the net!
Terence struggles against the net.
You catch the helpless Terence completely off-guard!
You hit Terence but do no damage.
Terence struggles against the net.
You hit Terence.
Terence is lightly wounded.
Terence struggles against the net.
You catch the helpless Terence completely off-guard!
You hit Terence.
Terence is lightly wounded.
Terence struggles against the net.
You hit Terence.
Terence is moderately wounded.
Terence struggles against the net. x2
The net rips apart, and Terence comes free!
You closely miss Terence.
Terence is moderately wounded.
Terence says, "You're history."
Terence hits you with a +3 flail of draining.
You feel drained.
You hit Terence.
Terence is moderately wounded.
Terence hits you with a +3 flail of draining!
Ouch! That really hurt!
* * * LOW HITPOINT WARNING * * *
You feel drained.
* * * LOW HITPOINT WARNING * * *
You hit Terence.
Terence is severely wounded.
Terence hits you with a +3 flail of draining.
* * * LOW HITPOINT WARNING * * *
You feel drained.
Terence hits you with a +3 flail of draining.
You die...

#######.#######
#.# ##.###.#
#.....†#
#..###.## ...
##...## #
#.....# ###
##...######.##
##..@@....[(#
#.#######.##
#.# #.# #+#
#.#### #@#..
#.#.# ##.#†##
##.....####
+......@..#


You could see Terence.

Vanquished Creatures
  A worm (D:2)
  2 endoplasms
  A giant cockroach (D:2)
  3 goblins
  2 ball pythons
  4 bats
  A frilled lizard (D:2)
  2 rats (D:2)
16 creatures vanquished.

Notes
Turn   | Place    | Note
-------+----------+-------------------------------------------
     0 | D:1      | siradein the Demonspawn Gladiator began the quest for the
                  | Orb.
     0 | D:1      | Reached XP level 1. HP: 16/16 MP: 1/1
    41 | D:1      | Found a faded altar of an unknown god.
   747 | D:2      | Gained mutation: You are partially covered in thin metallic
                  | scales. (AC +2) [demonic ancestry]
   747 | D:2      | Reached XP level 2. HP: 22/22 MP: 2/2
   758 | D:2      | Found Cyugho's Jewellery Shop.
  1024 | D:2      | Noticed Terence
  1072 | D:2      | Slain by Terence

Illustrated notes

Levels and vault maps discovered:
D:1:      saegor_arrival_simple_b, layout_rooms,
          ebering_ecumenical_altar_petrified, nrook_campfire
D:2:      layout_loops_corners, serial_shops, shop_statue, uniq_terence

Skill      XL: |  1 |
---------------+----+-----
Throwing       | 2 |  2.1
Fighting       | |  2.3
Long Blades    | |  2.9
Dodging        | |  2.9

Action                   || total
-------------------------++-------
Melee: Long sword        ||    49
Throw: Throwing net      ||     3
 Stab: Sleeping          ||     1
       Held in net/web   ||     2
Armor: Leather armour    ||    16
Dodge: Dodged            ||    18

Table legend: (Time is in decaauts)
 A = Elapsed time spent in this place.
 B = Non-inter-level travel time spent in this place.
 C = Inter-level travel time spent in this place.
 D = Time resting spent in this place.
 E = Time spent auto-exploring this place.
 F = Levels seen in this place.
 G = Mean time per level.
                   A        B        C        D        E       F      G
               +--------+--------+--------+--------+--------+-----+--------+
         Total |   1084 |   1072 |     12 |      0 |    876 |   2 |  542.0 |
       Dungeon |   1084 |   1072 |     12 |      0 |    876 |   2 |  542.0 |
               +--------+--------+--------+--------+--------+-----+--------+

Top non-repeatable levels by time:
     D:2: 548 daAuts
     D:1: 535 daAuts
